[Event "Team 45 45 League T64"]
[Site "Internet Chess Club"]
[Date "2015.03.30"]
[Round "3"]
[White "nosir"]
[Black "Andressa"]
[Result "1/2-1/2"]
[WhiteElo "1470"]
[BlackElo "1468"]
[Opening "Réti: old Indian attack"]
[ECO "A06"]
[Time "20:15:48"]
[TimeControl "2700+45"]

1. Nf3 d5 2. d3 Nf6 3. g3 Nc6 4. Bg2 e5 5. O-O Bc5 6. Bg5 h6 7. Bxf6 Qxf6 8. e4
dxe4 9. dxe4 O-O 10. Nbd2 Rd8 11. c3 Bg4 12. Qc2 Rd7 13. Rad1 Rad8 14. h3 Bxf3
15. Nxf3 Qe6 16. b3 a6 {Game drawn by mutual agreement} 1/2-1/2

[Event "Team 45 45 League T64"]
[Site "Internet Chess Club"]
[Date "2015.03.21"]
[Round "3"]
[White "smsxman"]
[Black "g8wrb"]
[Result "1-0"]
[WhiteElo "1377"]
[BlackElo "1346"]
[Opening "Four knights: Schultze-Müller gambit"]
[ECO "C47"]
[Time "14:04:26"]
[TimeControl "2700+45"]

1. e4 Nf6 2. Nc3 e5 3. Nf3 Nc6 4. Nxe5 Nxe5 5. d4 Nc6 6. e5 Qe7 7. Bc4 d5 8. Be2
Nxe5 9. dxe5 Qxe5 10. O-O Bd6 11. Bb5+ Bd7 12. Re1 Ne4 13. g3 O-O-O 14. Bxd7+
Rxd7 15. Nxd5 Bc5 16. c4 Bxf2+ 17. Kg2 Bxe1 18. Qxe1 Rxd5 19. cxd5 Qxd5 20. Kg1
Nf6 21. Bf4 Re8 22. Qc3 Re7 23. Rc1 Qd7 24. Qa5 Kb8 25. Bxc7+ Qxc7 26. Rxc7 Rxc7
27. Qg5 Ne8 28. Qe5 Nf6 29. h3 Kc8 30. g4 h6 31. Qf5+ Rd7 32. Qc5+ Kb8 33. Qf8+
Kc7 34. Qxg7 Rd1+ 35. Kg2 Rd2+ 36. Kf1 Rxb2 37. Qxf6 Rxa2 38. Qxf7+ {Black
resigns} 1-0

[Event "Team 45 45 League T64"]
[Site "Internet Chess Club"]
[Date "2015.03.23"]
[Round "3"]
[White "SeniorCitizen"]
[Black "olivermx"]
[Result "1-0"]
[WhiteElo "1401"]
[BlackElo "1368"]
[Opening "Danish gambit"]
[ECO "C21"]
[Time "16:01:10"]
[TimeControl "2700+45"]

1. e4 e5 2. d4 exd4 3. c3 dxc3 4. Bc4 Nc6 5. Nxc3 Nf6 6. Nge2 Bc5 7. Bg5 O-O 8.
O-O Ne5 9. Bb3 Be7 10. Nd5 Nxd5 11. Qxd5 Bxg5 12. Qxe5 Bf6 13. Qh5 Bxb2 14. Rad1
d6 15. Ng3 Bf6 16. Rfe1 g6 17. Qf3 b6 18. e5 Re8 19. Qxa8 Bg4 20. Qxd8 Bxd8 21.
f3 Be6 22. Bxe6 Rxe6 23. exd6 Rxe1+ 24. Rxe1 Kf8 25. dxc7 Bxc7 26. Ne4 Kg7 27.
h3 f5 28. Nc3 Bg3 29. Re7+ Kh6 30. Rxa7 Be1 31. Nd5 Ba5 32. Rb7 Bd2 33. Kf1 Bg5
34. Nxb6 {Black resigns} 1-0

[Event "Team 45 45 League T64"]
[Site "Internet Chess Club"]
[Date "2015.03.21"]
[Round "3"]
[White "deepfort"]
[Black "parrot9"]
[Result "1-0"]
[WhiteElo "1501"]
[BlackElo "1687"]
[Opening "Sicilian"]
[ECO "B50"]
[Time "09:14:58"]
[TimeControl "2700+45"]

1. e4 c5 2. Nf3 d6 3. g3 Nc6 4. Bg2 Nf6 5. Nc3 g6 6. b3 Bg7 7. Bb2 O-O 8. O-O a6
9. d3 e6 10. a4 Qc7 11. Nd2 Bd7 12. f4 Rfd8 13. g4 Nd4 14. h4 Bc6 15. g5 Nh5 16.
a5 b5 17. axb6 Qxb6 18. Nc4 Qa7 19. Na5 Bd7 20. e5 c4 21. Kh2 dxe5 22. Bxa8 Rxa8
23. Nxc4 exf4 24. Ne2 Bc6 25. Bxd4 Bxd4 26. Nxd4 Qxd4 27. Qe1 f3 28. Ne5 Qf4+
29. Kg1 Bb7 30. Ra4 Qf5 31. Ng4 Nf4 32. Nh6+ Kg7 33. Nxf5+ {Black resigns} 1-0

[Event "Team 45 45 League T64"]
[Site "Internet Chess Club"]
[Date "2015.03.20"]
[Round "3"]
[White "Invicta-Knight"]
[Black "bayoumicardio10"]
[Result "1/2-1/2"]
[WhiteElo "1587"]
[BlackElo "1741"]
[Opening "Pirc defense"]
[ECO "B07"]
[Time "14:16:09"]
[TimeControl "2700+45"]

1. e4 d6 2. d4 Nf6 3. Nc3 g6 4. Bf4 c6 5. e5 dxe5 6. dxe5 Qxd1+ 7. Rxd1 Nh5 8.
Bg3 Nxg3 9. hxg3 Bg7 10. f4 Bf5 11. Bd3 Bxd3 12. cxd3 Na6 13. Nf3 Rd8 14. Ke2 e6
15. Ng5 h6 16. Nge4 Bf8 17. Nf6+ Ke7 18. Nce4 Rd4 19. Rc1 Bg7 20. Rc3 h5 21. Ke3
Rhd8 22. Ng8+ Kf8 23. Ngf6 Bxf6 24. Nxf6 Nb4 25. Rd1 Nd5+ 26. Kxd4 Nxf6+ 27. Ke3
Nd5+ 28. Ke4 Nxc3+ 29. bxc3 c5 30. a4 b6 31. d4 cxd4 32. Rxd4 Rxd4+ 33. Kxd4 Ke7
34. c4 Kd7 35. Kc3 Kc6 36. Kb4 Kb7 37. Kc3 Kc7 38. Kd3 Kc6 39. Kd4 a6 40. g4
hxg4 41. g3 a5 42. Kd3 Kc5 43. Kc3 Kc6 44. Kd4 {Game drawn by mutual agreement}
1/2-1/2

[Event "Team 45 45 League T64"]
[Site "Internet Chess Club"]
[Date "2015.03.21"]
[Round "3"]
[White "JRussell2"]
[Black "BrerRabbit"]
[Result "1/2-1/2"]
[WhiteElo "1531"]
[BlackElo "1480"]
[Opening "Pirc: Ufimtsev-Pytel variation"]
[ECO "B07"]
[Time "19:01:41"]
[TimeControl "2700+45"]

1. e4 d6 2. d4 Nf6 3. Nc3 c6 4. h3 Nbd7 5. Nf3 e5 6. Be2 Be7 7. O-O O-O 8. Be3
Qb6 9. Rb1 Qc7 10. d5 Nc5 11. Bd3 cxd5 12. Nxd5 Nxd5 13. exd5 Nxd3 14. Qxd3 Bd7
15. Ng5 Bxg5 16. Bxg5 f6 17. Bd2 Rac8 18. Rfc1 Qc4 19. Qb3 Qxb3 20. axb3 Bf5 21.
Bc3 Rfd8 22. f3 Rc5 23. Ra1 a6 24. Ra5 Rdc8 25. b4 Rxa5 26. bxa5 Rc5 27. Rd1
Bxc2 28. Rd2 Bb3 29. Bb4 Rb5 30. Bxd6 Rxa5 31. Bc7 Rxd5 32. Rxd5 Bxd5 33. b4 Kf7
34. Kf2 e4 35. fxe4 Bxe4 36. g3 f5 37. h4 g6 38. Ke3 Ke6 39. Kd4 {Game drawn by
mutual agreement} 1/2-1/2

[Event "Team 45 45 League T64"]
[Site "Internet Chess Club"]
[Date "2015.03.19"]
[Round "3"]
[White "PsyMar"]
[Black "Fulmar"]
[Result "1-0"]
[WhiteElo "1283"]
[BlackElo "1195"]
[Opening "Scotch opening"]
[ECO "C44"]
[Time "09:14:15"]
[TimeControl "2700+45"]

1. e4 e5 2. Nf3 Nc6 3. d4 f6 4. dxe5 Nxe5 5. Nxe5 fxe5 6. Qh5+ g6 7. Qxe5+ Qe7
8. Qxh8 Nf6 9. Nc3 Kf7 10. Bc4+ d5 11. Bxd5+ Be6 12. O-O Re8 13. Bg5 Bg7 14.
Bxf6 Qxf6 15. Bxe6+ Qxe6 16. Qxh7 Rh8 17. Qxh8 Bxh8 18. Rfd1 Be5 19. Rd3 c6 20.
Rad1 Ke7 21. Rd7+ Kf6 22. Rxb7 Kg5 23. g3 Kg4 24. Kg2 Bxc3 25. f3+ Kh5 26. h4
Qg8 27. bxc3 g5 28. hxg5 Qxg5 29. Rd6 Qc1 30. Rxc6 Qd2+ 31. Kh3 Qf2 32. Rb5+ Qc5
33. Rbxc5# {Black checkmated} 1-0

[Event "Team 45 45 League T64"]
[Site "Internet Chess Club"]
[Date "2015.03.24"]
[Round "3"]
[White "Aquaman"]
[Black "Arawn"]
[Result "0-1"]
[WhiteElo "1345"]
[BlackElo "1273"]
[Opening "Réti: King's Indian attack, French variation"]
[ECO "A07"]
[Time "21:01:24"]
[TimeControl "2700+45"]

1. Nf3 d5 2. g3 Nf6 3. Bg2 c5 4. O-O Nc6 5. d3 e6 6. Nbd2 Be7 7. Re1 O-O 8. e4
b5 9. e5 Nd7 10. Nf1 a5 11. h4 b4 12. b3 a4 13. N1h2 axb3 14. cxb3 Bb7 15. Bf4
f6 16. Ng4 h5 17. Ngh2 Ra3 18. Qe2 Qa8 19. Bc1 Ra5 20. Bf4 Ra3 21. exf6 Bxf6 22.
Qxe6+ Rf7 23. Ng5 Bxg5 24. Bxg5 Nf6 25. Bxf6 gxf6 26. Qe8+ Kg7 27. Qxa8 Rxa8 28.
Bxd5 Rd7 29. Be4 Nd4 30. Bxb7 Rxb7 31. Red1 Rba7 32. Rd2 Nxb3 33. Rb2 Nxa1 34.
Re2 Rxa2 35. Re7+ Kf8 36. Rh7 b3 37. Rb7 b2 38. Nf3 R8a3 39. Nd2 Rxd3 40. Rb8+
Kg7 41. Rb7+ Kg6 42. Ne4 Rd1+ 43. Kg2 b1=Q {White resigns} 0-1

[Event "Team 45 45 League T64"]
[Site "Internet Chess Club"]
[Date "2015.03.23"]
[Round "3"]
[White "Kandor"]
[Black "artspir"]
[Result "1-0"]
[WhiteElo "1311"]
[BlackElo "1239"]
[Opening "Caro-Kann defense"]
[ECO "B15"]
[Time "14:00:25"]
[TimeControl "2700+45"]

1. e4 c6 2. d4 d5 3. Nd2 dxe4 4. Nxe4 h6 5. Nf3 Bf5 6. Bd3 Nd7 7. O-O e6 8. Re1
Be7 9. Qe2 Ngf6 10. Nxf6+ Nxf6 11. Bxf5 exf5 12. Bf4 Nd5 13. Bd2 O-O 14. c4 Nb4
15. Qxe7 Nc2 16. Qxd8 Raxd8 17. Rac1 Nxe1 18. Rxe1 f6 19. Re7 g5 20. h3 Rfe8 21.
Rxb7 h5 22. Rxa7 g4 23. hxg4 hxg4 24. Nh2 Rxd4 25. Nf1 f4 26. Bc3 Rd6 27. c5
Rde6 28. g3 fxg3 29. Nxg3 R6e7 30. Ra4 Rg7 31. Bxf6 Re1+ 32. Kg2 Rd7 33. Rxg4+
Kf7 34. Rg7+ Kxf6 35. Rxd7 Rc1 36. Rd6+ Ke5 37. Rxc6 Kd5 38. Rc8 Kc4 39. b3+ Kd3
40. Rd8+ Kc2 41. b4 Kb2 42. Rd2+ Ka3 43. Ne2 Rc4 44. f4 Kxb4 45. Rd5 Rc2 46. Kf2
Rxa2 47. f5 Ra8 48. c6 Kc4 49. Nf4 Ra2+ 50. Kf3 Ra3+ 51. Ke4 Ra6 52. c7 Rc6 53.
Rd7 Kc5 54. Ke5 Kb6 55. Nd5+ Kb7 56. f6 Kc8 57. Rd8+ Kb7 58. c8=Q+ Rxc8 59. Rxc8
Kxc8 60. f7 Kd7 61. f8=Q {Black resigns} 1-0

[Event "Team 45 45 League T64"]
[Site "Internet Chess Club"]
[Date "2015.03.20"]
[Round "3"]
[White "RobertBuice"]
[Black "rgadoury"]
[Result "0-1"]
[WhiteElo "1185"]
[BlackElo "1458"]
[Opening "Queen's gambit accepted"]
[ECO "D20"]
[Time "19:00:31"]
[TimeControl "2700+45"]

1. d4 d5 2. c4 dxc4 3. Nc3 Nf6 4. Bf4 e6 5. e3 Nc6 6. Bxc4 Bb4 7. Ne2 O-O 8. O-O
a6 9. Be5 Nxe5 10. dxe5 Nd7 11. f4 b5 12. Bd3 Bb7 13. Ne4 Be7 14. N2g3 Bd5 15.
Qg4 Nc5 16. Nf6+ Bxf6 17. Nh5 Kh8 18. exf6 g6 19. Qg5 Nxd3 20. f5 exf5 21. Rxf5
Be6 22. Qh6 Rg8 23. Rg5 Qd6 24. Rd1 Qb4 25. h3 Qxb2 26. Rf1 Qe2 27. Nf4 Nxf4 28.
exf4 Bf5 29. h4 Qe6 30. h5 Qxf6 31. Rd1 Rad8 32. Rc1 Qd4+ 33. Kh2 Qxf4+ 34. g3
Rd2+ 35. Kg1 Qf2+ 36. Kh1 Be4# {White checkmated} 0-1

[Event "Team 45 45 League T64"]
[Site "Internet Chess Club"]
[Date "2015.03.19"]
[Round "3"]
[White "smsxman"]
[Black "bardu"]
[Result "0-1"]
[WhiteElo "1379"]
[BlackElo "1161"]
[Opening "Four knights: Schultze-Müller gambit"]
[ECO "C47"]
[Time "23:02:48"]
[TimeControl "2700+45"]

1. e4 e5 2. Nf3 Nc6 3. Nc3 Nf6 4. Nxe5 Nxe5 5. d4 Nc6 6. e5 Qe7 7. Bc4 d6 8. f4
Bg4 9. Be2 dxe5 10. fxe5 Bxe2 11. Nxe2 Ne4 12. O-O O-O-O 13. Nf4 Nxe5 14. Qd2
Nxd2 {White resigns} 0-1

[Event "Team 45 45 League T64"]
[Site "Internet Chess Club"]
[Date "2015.03.24"]
[Round "3"]
[White "fuzzface"]
[Black "SeniorCitizen"]
[Result "0-1"]
[WhiteElo "1327"]
[BlackElo "1414"]
[Opening "French defense, Steiner variation"]
[ECO "C00"]
[Time "08:00:22"]
[TimeControl "2700+45"]

1. e4 e6 2. c4 d5 3. exd5 exd5 4. cxd5 Qxd5 5. Nc3 Qe6+ 6. Qe2 Qxe2+ 7. Ngxe2 c6
8. a3 Nf6 9. d4 Be6 10. Nf4 Bb3 11. Be2 Bd6 12. O-O O-O 13. Bd1 Bxd1 14. Rxd1
Nbd7 15. h3 Rfe8 16. Be3 Nb6 17. b3 Bxf4 18. Bxf4 Nfd5 19. Nxd5 Nxd5 20. Bd2 Re6
21. Re1 Rae8 22. Rxe6 Rxe6 23. Re1 Rxe1+ 24. Bxe1 Kf8 25. g3 Ke7 26. Kg2 Ke6 27.
Kf3 f5 28. Bd2 Nf6 29. Bc3 Ne4 30. d5+ cxd5 31. Bxg7 Nd2+ 32. Ke3 Nxb3 33. g4
fxg4 34. hxg4 Kf7 35. Be5 Kg6 36. f4 Kf7 37. f5 Nc5 38. Kd4 Nd7 39. Kxd5 Nf6+
40. Bxf6 Kxf6 41. Ke4 h6 42. Kd5 Ke7 43. Ke5 b5 44. f6+ Kf7 45. Kf5 a5 46. g5
hxg5 47. Kxg5 b4 48. Kf4 b3 {White resigns} 0-1

[Event "Team 45 45 League T64"]
[Site "Internet Chess Club"]
[Date "2015.03.19"]
[Round "3"]
[White "olivermx"]
[Black "Rococo"]
[Result "0-1"]
[WhiteElo "1384"]
[BlackElo "1309"]
[Opening "Scandinavian (center counter) defense"]
[ECO "B01"]
[Time "16:00:56"]
[TimeControl "2700+45"]

1. e4 d5 2. exd5 Qxd5 3. Nc3 Qa5 4. Nf3 Bf5 5. d4 e6 6. Bd2 Nf6 7. Be2 c6 8. O-O
Qc7 9. Bg5 Nbd7 10. Re1 Bd6 11. h3 O-O-O 12. Be3 h6 13. d5 Kb8 14. dxc6 Nb6 15.
Qc1 g5 16. cxb7 g4 17. hxg4 Nxg4 18. Bxb6 Qxb6 19. Nd1 Be4 20. Nd2 Bxg2 21. Bxg4
Qxb7 22. Ne3 Rhg8 23. Ndc4 Bh3 24. Nxd6 Rxg4+ 25. Kh2 Qf3 26. Rg1 Qxf2+ 27. Kxh3
Qh4# {White checkmated} 0-1

[Event "Team 45 45 League T64"]
[Site "Internet Chess Club"]
[Date "2015.03.22"]
[Round "3"]
[White "wildangels"]
[Black "oldbookseller"]
[Result "1-0"]
[WhiteElo "1073"]
[BlackElo "1132"]
[Opening "Réti opening"]
[ECO "A04"]
[Time "19:00:30"]
[TimeControl "2700+45"]

1. Nf3 d6 2. g3 g6 3. Bg2 Bg7 4. d3 Nf6 5. Nbd2 Be6 6. e4 c5 7. h3 Nc6 8. c3 O-O
9. O-O d5 10. e5 Nd7 11. Re1 Qc7 12. Ng5 Bf5 13. Ndf3 Ncxe5 14. Bf4 c4 15. d4 f6
16. Nxh7 Kxh7 17. dxe5 fxe5 18. Bg5 Qd6 19. Qd2 Qc5 20. Nh4 Be6 21. Bf3 Bxh3 22.
g4 e4 23. Kh2 Ne5 24. Kxh3 Nxf3 25. Nxf3 Rxf3+ 26. Kg2 Qd6 27. Rh1+ Kg8 28. Bh6
Be5 29. Bg5 Raf8 30. Raf1 Qc5 31. Be3 Qd6 32. Bd4 Qe6 33. Qg5 R8f4 34. Bxe5
Rxg4+ 35. Qxg4 Qxg4+ 36. Bg3 e3 37. Rh4 Qg5 38. Kxf3 e5 39. fxe3 Qf5+ 40. Kg2
Qc2+ 41. Kh3 Qxb2 42. Bxe5 Qe2 43. Rh8# {Black checkmated} 1-0

[Event "Team 45 45 League T64"]
[Site "Internet Chess Club"]
[Date "2015.03.21"]
[Round "3"]
[White "pishd"]
[Black "Egmont"]
[Result "0-1"]
[WhiteElo "1726"]
[BlackElo "1818"]
[Opening "Queen's pawn game"]
[ECO "D04"]
[Time "12:08:32"]
[TimeControl "2700+45"]

1. d4 d5 2. Nf3 Nf6 3. e3 c6 4. Nbd2 Bg4 5. h3 Bxf3 6. Qxf3 Nbd7 7. Bd3 e5 8.
dxe5 Nxe5 9. Qe2 Nxd3+ 10. cxd3 Bd6 11. b3 O-O 12. Bb2 Re8 13. O-O Be5 14. Nf3
Bxb2 15. Qxb2 Qd6 16. d4 Ne4 17. b4 Qc7 18. b5 Qb6 19. Rab1 c5 20. dxc5 Qxc5 21.
Rfc1 Qb6 22. Nd4 Nd6 23. Qe2 Qxd4 24. Rd1 Qe5 25. Qd3 Ne4 26. Rb4 Qc3 27. Rb3
Qf6 28. f3 Nc5 {White resigns} 0-1

[Event "Team 45 45 League T64"]
[Site "Internet Chess Club"]
[Date "2015.03.23"]
[Round "3"]
[White "Bleddyn"]
[Black "AVEMARIA"]
[Result "1/2-1/2"]
[WhiteElo "1726"]
[BlackElo "1650"]
[Opening "QGD Slav: Czech defense"]
[ECO "D17"]
[Time "16:15:49"]
[TimeControl "2700+45"]

1. d4 d5 2. c4 c6 3. Nf3 Nf6 4. Nc3 dxc4 5. a4 Bf5 6. Bg5 e6 7. e4 Bg4 8. e5 h6
9. Bh4 g5 10. Bg3 Nd5 11. Bxc4 Bb4 12. Bxd5 cxd5 13. O-O Bxc3 14. bxc3 Nc6 15.
h3 Bh5 16. Qd3 Bxf3 17. Qxf3 Qe7 18. a5 Kd7 19. Rfb1 Rab8 20. Qd3 a6 21. c4 dxc4
22. Qxc4 Rhc8 23. d5 Na7 24. dxe6+ fxe6 25. Qd4+ Ke8 26. Qxa7 Qc5 27. Qxc5 Rxc5
28. Rc1 Rbc8 29. Rxc5 Rxc5 30. f4 Rc3 31. Be1 Rb3 32. fxg5 hxg5 33. Rc1 Kd7 34.
Bd2 Rb5 35. Bxg5 Rxe5 36. h4 Rxa5 37. Rb1 Kc8 38. Bf6 Rf5 39. Rc1+ Kd7 40. Bg5
b5 41. g4 Rf3 42. Ra1 Rg3+ 43. Kf2 Rxg4 44. Rxa6 b4 45. Ra4 Ke8 46. Kf3 Rc4 47.
h5 Kf7 48. h6 Kg6 49. Bd2 Rh4 50. Be1 Rxh6 51. Rxb4 Rh7 52. Rg4+ Kf5 53. Bc3
Rh3+ 54. Rg3 Rxg3+ 55. Kxg3 {Game drawn by mutual agreement} 1/2-1/2

[Event "Team 45 45 League T64"]
[Site "Internet Chess Club"]
[Date "2015.03.23"]
[Round "3"]
[White "tightfist"]
[Black "TINAyoufatlard"]
[Result "0-1"]
[WhiteElo "1609"]
[BlackElo "1443"]
[Opening "Queen's pawn game, Darooha variation "]
[ECO "D02"]
[Time "22:11:55"]
[TimeControl "2700+45"]

1. Nf3 d5 2. d4 Nf6 3. Nc3 Bf5 4. e3 e6 5. Bd3 Bxd3 6. Qxd3 Bd6 7. Qb5+ Nbd7 8.
Qxb7 O-O 9. Qa6 Qe7 10. O-O Rfb8 11. Qd3 c5 12. dxc5 Nxc5 13. Qe2 Rc8 14. Rb1
Rab8 15. Nd4 Nce4 16. Nxe4 Nxe4 17. f3 Nc3 18. bxc3 Rxb1 19. Qd3 Qc7 20. Nb5
Bxh2+ 21. Kh1 Qg3 22. Nxa7 Qh4 23. Rd1 Bg3+ 24. Kg1 Qh2+ 25. Kf1 Qh1+ 26. Ke2
Qxg2# {White checkmated} 0-1

[Event "Team 45 45 League T64"]
[Site "Internet Chess Club"]
[Date "2015.03.19"]
[Round "3"]
[White "SaltofLife"]
[Black "fishhead"]
[Result "1-0"]
[WhiteElo "1931"]
[BlackElo "1811"]
[Opening "King's Indian: Torre attack"]
[ECO "A48"]
[Time "15:33:40"]
[TimeControl "2700+45"]

1. d4 Nf6 2. Nf3 g6 3. Bg5 Ne4 4. Bh4 Bg7 5. e3 c5 6. c3 h6 7. Bc4 g5 8. Bg3
Nxg3 9. fxg3 Qc7 10. Nbd2 d6 11. O-O Bg4 12. Bxf7+ Kxf7 13. Ne5+ Ke8 14. Nxg4
Nc6 15. d5 Nd8 16. Qc2 Kd7 17. Qg6 Bf8 18. e4 b5 19. e5 dxe5 20. Qf5+ Ke8 21.
Nxe5 e6 22. Qg6+ Ke7 23. Qf6+ {Black resigns} 1-0

[Event "Team 45 45 League T64"]
[Site "Internet Chess Club"]
[Date "2015.03.24"]
[Round "3"]
[White "no2"]
[Black "parrot9"]
[Result "0-1"]
[WhiteElo "1572"]
[BlackElo "1698"]
[Opening "QGD semi-Slav: 5...Nd7"]
[ECO "D45"]
[Time "15:00:38"]
[TimeControl "2700+45"]

1. d4 d5 2. c4 c6 3. e3 Nf6 4. Nf3 e6 5. Nc3 Nbd7 6. c5 a5 7. Bd3 b6 8. cxb6
Qxb6 9. Qc2 Be7 10. Bd2 O-O 11. O-O c5 12. dxc5 Nxc5 13. Be2 Bb7 14. Rab1 Rfc8
15. Rfc1 Nce4 16. Qd1 Nxd2 17. Qxd2 Rd8 18. Nd4 e5 19. Nf5 Bf8 20. Nb5 Rac8 21.
a4 Ne4 22. Qe1 Bb4 23. Qd1 Qf6 24. Bg4 g6 25. Nh6+ Kg7 26. Bxc8 Qxf2+ 27. Kh1
Bxc8 28. Rxc8 Rxc8 29. Qxd5 Qxe3 30. Qxf7+ Kxh6 31. h3 Rc2 32. Nc7 Nf2+ 33. Kh2
Qf4+ 34. Qxf4+ exf4 35. b3 f3 36. Nb5 Ne4 37. h4 Rxg2+ 38. Kh3 Nf2# {White
checkmated} 0-1

[Event "Team 45 45 League T64"]
[Site "Internet Chess Club"]
[Date "2015.03.22"]
[Round "3"]
[White "Invicta-Knight"]
[Black "lilith"]
[Result "0-1"]
[WhiteElo "1570"]
[BlackElo "1582"]
[Opening "Scotch game"]
[ECO "C45"]
[Time "04:10:21"]
[TimeControl "2700+45"]

1. e4 e5 2. d4 Nc6 3. Nf3 exd4 4. Nxd4 Nxd4 5. Qxd4 d6 6. Nc3 Be6 7. Bd3 Nf6 8.
Bg5 Be7 9. f4 O-O 10. O-O-O a5 11. h3 c5 12. Qe3 d5 13. exd5 Nxd5 14. Nxd5 Bxg5
15. fxg5 Bxd5 16. Be4 Re8 17. Qd3 Bxe4 18. Qxd8 Raxd8 19. Rxd8 Rxd8 20. g4 Bxh1
21. Kb1 Rd1# {White checkmated} 0-1

[Event "Team 45 45 League T64"]
[Site "Internet Chess Club"]
[Date "2015.03.20"]
[Round "3"]
[White "Fogbound"]
[Black "Visin"]
[Result "1-0"]
[WhiteElo "1270"]
[BlackElo "1308"]
[Opening "Queen's pawn game, Chigorin variation"]
[ECO "D02"]
[Time "10:00:36"]
[TimeControl "2700+45"]

1. d4 d5 2. Nf3 Nc6 3. Bf4 Nf6 4. e3 e6 5. h3 Ne4 6. Bd3 Be7 7. c3 Bd7 8. Nbd2
Nxd2 9. Qxd2 Bf6 10. O-O Ne7 11. Rfe1 Ng6 12. Bh2 Rc8 13. e4 dxe4 14. Bxe4 c6
15. Qc2 O-O 16. Rad1 Qb6 17. Bd6 Rfe8 18. Nh2 e5 19. Bxg6 fxg6 20. dxe5 Bf5 21.
Qa4 Be7 22. Qc4+ Kf8 23. Nf3 Bxd6 24. Rxd6 Qc7 25. Ng5 h6 26. Nh7+ Ke7 27. g4
Bd7 28. Qe4 Kd8 29. Qxg6 Rxe5 30. Rxe5 Qb6 31. Qe8+ Kc7 {Black resigns} 1-0

[Event "Team 45 45 League T64"]
[Site "Internet Chess Club"]
[Date "2015.03.18"]
[Round "3"]
[White "GideonL"]
[Black "Ilamihir"]
[Result "1-0"]
[WhiteElo "1649"]
[BlackElo "1106"]
[Opening "Sicilian defense"]
[ECO "B32"]
[Time "16:40:55"]
[TimeControl "2700+45"]

1. e4 c5 2. Nf3 Nc6 3. d4 cxd4 4. Nxd4 d6 5. Nc3 a6 6. Be3 Nf6 7. Be2 e6 8. O-O
Be7 9. Nxc6 bxc6 10. f3 O-O 11. b3 Bb7 12. a4 d5 13. exd5 cxd5 14. Bd4 Bd6 15.
a5 e5 16. Bb6 Qd7 17. Na2 d4 18. c3 Nd5 19. Qd3 Nxb6 20. axb6 Rfe8 21. b4 e4 22.
fxe4 dxc3 23. Nxc3 Re7 24. Rfd1 Rd8 25. Qc4 Qe6 26. Qxe6 Rxe6 27. Bxa6 Bxa6 28.
Rxa6 Rb8 29. Rd3 h6 30. Rd4 Be5 31. Rc4 Rexb6 32. Rxb6 Rxb6 33. Nd5 Re6 34. b5
Kf8 35. Rc8+ Re8 36. Rxe8+ Kxe8 37. h3 Kd7 38. Kf2 Kd6 39. Ke3 Kc5 40. b6 f5 41.
Nc7 fxe4 42. Kxe4 Bd6 43. Ne6+ Kc6 44. Nxg7 Kxb6 45. Kf5 Kc7 46. Kg6 Kd7 47.
Kxh6 Bf8 48. Kg6 Ke7 49. Nf5+ Ke6 50. g4 Ke5 51. g5 Kf4 52. h4 Kg4 53. h5 Ba3
54. h6 Bb2 55. h7 Ba1 56. Ng7 Bxg7 57. Kxg7 Kxg5 58. h8=Q Kf5 59. Qh4 Ke5 60.
Qg4 Kd5 61. Qf4 Kc6 62. Qe5 Kb6 63. Qd5 Kc7 64. Kf7 Kb6 65. Qc4 Kb7 66. Ke7 Kb6
67. Kd6 Kb7 68. Qb5+ Kc8 69. Qb1 Kd8 70. Qb8# {Black checkmated} 1-0

[Event "Team 45 45 League T64"]
[Site "Internet Chess Club"]
[Date "2015.03.22"]
[Round "3"]
[White "stantheman59"]
[Black "guyd52"]
[Result "0-1"]
[WhiteElo "1244"]
[BlackElo "1337"]
[Opening "Robatsch (modern) defense"]
[ECO "B06"]
[Time "19:02:51"]
[TimeControl "2700+45"]

1. e4 g6 2. d4 d6 3. Nf3 Bg7 4. Be3 Nf6 5. Nc3 Nbd7 6. Qd2 O-O 7. Bh6 Re8 8.
Bxg7 Kxg7 9. O-O-O e5 10. dxe5 Nxe5 11. Be2 Nfg4 12. Rhf1 Nxf3 13. h3 Nxd2 14.
Rxd2 Nf6 15. Bf3 Bd7 16. Rd4 Be6 17. b3 Qd7 18. e5 Bxh3 19. exf6+ Kg8 20. gxh3
Qxh3 21. Rfd1 Qxf3 22. Nd5 Re2 23. R4d2 Qxf2 24. Nxc7 Rc8 25. Nb5 Rxd2 26. Rxd2
Qe1+ 27. Rd1 Qa5 28. Nxd6 Qg5+ 29. Kb1 Rd8 30. Re1 Qxf6 31. Re8+ Rxe8 32. Nxe8
Qe7 {White resigns} 0-1

[Event "Team 45 45 League T64"]
[Site "Internet Chess Club"]
[Date "2015.03.22"]
[Round "3"]
[White "Fulmar"]
[Black "WilmaP"]
[Result "1-0"]
[WhiteElo "1211"]
[BlackElo "1174"]
[Opening "Caro-Kann defense"]
[ECO "B12"]
[Time "09:05:07"]
[TimeControl "2700+45"]

1. e4 c6 2. d4 e6 3. Nc3 a6 4. Bd3 c5 5. dxc5 Bxc5 6. Qe2 Ne7 7. Nf3 O-O 8. O-O
d5 9. Rd1 Re8 10. Na4 Nd7 11. e5 Ba7 12. Be3 f6 13. exf6 Nxf6 14. c4 Bb8 15. Nb6
Ba7 16. Nxa8 Bxe3 17. Qxe3 Nf5 18. Qb6 Bd7 19. Qxd8 Rxd8 20. Nb6 Bc6 21. Bxf5
exf5 22. Rd4 Re8 23. cxd5 Nxd5 24. Nxd5 Re2 25. h3 Rxb2 26. Ne7+ Kf7 27. Nxc6
bxc6 28. Ne5+ Kf6 29. Nxc6 h5 30. Rd6+ Kg5 31. Ne5 Kf4 32. Nd3+ Ke4 33. Nxb2 g5
34. Re1+ Kf4 35. Nd3# {Black checkmated} 1-0

[Event "Team 45 45 League T64"]
[Site "Internet Chess Club"]
[Date "2015.03.21"]
[Round "3"]
[White "Legomaster"]
[Black "seattleblues"]
[Result "1-0"]
[WhiteElo "1238"]
[BlackElo "1457"]
[Opening "Caro-Kann: classical variation"]
[ECO "B18"]
[Time "21:00:48"]
[TimeControl "2700+45"]

1. e4 c6 2. d4 d5 3. Nc3 dxe4 4. Nxe4 Bf5 5. Ng3 Bg6 6. Nf3 Nf6 7. Bd3 Bxd3 8.
Qxd3 Nbd7 9. O-O e6 10. Bf4 Be7 11. c4 c5 12. b3 O-O 13. Rad1 cxd4 14. Qxd4 Bc5
15. Qc3 Qb6 16. Ne5 Nxe5 17. Bxe5 Ng4 18. Nh1 Bb4 19. Qg3 Nxe5 20. Qxe5 Rfd8 21.
Ng3 Bd6 22. Qg5 h6 23. Qg4 Bxg3 24. Qxg3 Rxd1 25. Rxd1 Rd8 26. Rxd8+ Qxd8 27. h3
Qd1+ 28. Kh2 Qd8 29. a4 Qb6 30. f4 Qd6 31. Qf2 b6 32. g3 Qd1 33. Qe3 Qc2+ 34.
Kg1 Qb1+ 35. Kf2 Qc2+ 36. Kf3 Qd1+ 37. Ke4 Qh1+ 38. Ke5 Qxh3 39. Qf3 Qf5+ 40.
Kd4 e5+ 41. Kc3 e4 42. Qe3 Qf6+ 43. Kc2 Qc6 44. g4 g6 45. f5 g5 46. Qh3 Kg7 47.
Qc3+ f6 48. Qd4 Qe8 49. Kd2 e3+ 50. Qxe3 Qxe3+ 51. Kxe3 Kf7 52. Kd4 Ke7 53. Kd5
Kd7 54. b4 a6 55. a5 h5 56. gxh5 g4 57. h6 g3 58. h7 g2 59. h8=Q g1=Q 60. Qh7+
Kd8 61. Qh8+ Ke7 62. Qh4 Qd1+ 63. Qd4 Qh1+ 64. Qe4+ Qxe4+ 65. Kxe4 bxa5 66. bxa5
Kd6 67. Kd4 Kc6 68. c5 Kb5 69. Kd5 Kxa5 70. c6 Kb6 71. Kd6 a5 72. Kd7 {Black
resigns} 1-0

[Event "Team 45 45 League T64"]
[Site "Internet Chess Club"]
[Date "2015.03.20"]
[Round "3"]
[White "Just-Jim"]
[Black "Uku"]
[Result "0-1"]
[WhiteElo "1344"]
[BlackElo "1439"]
[Opening "Queen's pawn game"]
[ECO "D00"]
[Time "15:30:48"]
[TimeControl "2700+45"]

1. d4 d5 2. f4 Nf6 3. e3 Bf5 4. Nf3 e6 5. Be2 Nc6 6. c3 Bd6 7. O-O O-O 8. Ne5
Ne4 9. Nxc6 bxc6 10. Nd2 c5 11. Nxe4 Bxe4 12. dxc5 Bxc5 13. b4 Bb6 14. Bf3 Bf5
15. Bg4 Be4 16. Bf3 Bxf3 17. Qxf3 c6 18. Qg3 Qf6 19. Bb2 Qf5 20. c4 f6 21. c5
Bc7 22. a3 a5 23. Qh4 axb4 24. axb4 Rab8 25. Ba3 Qd3 26. Rf3 Qc3 27. Qe1 Qd3 28.
Bb2 Qb3 29. Ra7 Qxb2 30. Rxc7 Qxb4 31. Qg3 Rf7 32. Rxc6 Re8 33. Qg4 Qe1+ 34. Rf1
Qxe3+ 35. Kh1 Qd3 36. Re1 Qc3 37. Rd1 f5 38. Qe2 Rfe7 39. g3 e5 40. Qa2 Qf3+ 41.
Qg2 Qxd1+ 42. Qg1 Qxg1+ 43. Kxg1 e4 44. Kf2 Rd8 45. Rd6 Rxd6 46. cxd6 Rd7 47.
Ke3 Rxd6 48. Kd4 Rd8 49. h3 Re8 {White resigns} 0-1